 Dungeon Crawl Stone Soup version 0.28.0 (webtiles) character file.

Game seed: 18335095554479417750

22 HallandMoats the Skirmisher (level 2, 0/27 HPs)
             Began as a Ghoul Monk on Feb 12, 2022.
             Slain by an adder (4 damage)
             ... on level 2 of the Dungeon.
             The game lasted 00:00:42 (1209 turns).

HallandMoats the Skirmisher (Ghoul Monk)            Turns: 1209, Time: 00:00:42

Health: 0/27       AC:  2    Str: 14    XL:     2   Next: 91%
Magic:  1/1        EV: 12    Int:  5    God:
Gold:   27         SH:  0    Dex: 11    Spells: 1/1 levels left

rFire   . . .      SeeInvis .     - Unarmed
rCold   + . .      Faith    .   (no shield)
rNeg    + + +      Spirit   .   a - +0 robe
rPois   ∞          Reflect  .   (no helmet)
rElec   .          Harm     .   (no cloak)
rCorr   .          Rampage  .   (no gloves)
Will    .....                   (no boots)
Stlth   ++........              (no amulet)
HPRegen 0.00/turn               (no ring)
MPRegen 0.07/turn               (no ring)

@: inhibited regen
A: claws 1, cold resistance 1, negative energy resistance 3, inhibited
regeneration, torment resistance 2
a: no special abilities


You were on level 2 of the Dungeon.
You visited 1 branch of the dungeon, and saw 2 of its levels.

You collected 27 gold pieces.

Inventory:

Armour
 a - a +0 robe (worn)
Jewellery
 e - an amulet of guardian spirit
Scrolls
 b - a scroll of enchant armour {unknown}
 c - a scroll of vulnerability {unknown}
Potions
 d - a potion of attraction {unknown}


   Skills:
 * Level 3.7 Fighting
 + Level 0.5 Armour
 + Level 2.9 Dodging
 - Level 2.1 Stealth
 * Level 3.7 Unarmed Combat


You had one spell level left.
You didn't know any spells.
Your spell library contained the following spells:

 Spells                   Type           Power      Damage    Failure   Level
 Freeze                   Ice            0%         1d3       47%         1
 Frozen Ramparts          Ice            0%         1d2       85%         3
 Hailstorm                Conj/Ice       0%         3d3       99%         4


Dungeon Overview and Level Annotations

Branches:
Dungeon (2/15)

Altars:


Innate Abilities, Weirdness & Mutations

You thrive by killing the living.
You are immune to poison.
You have sharp fingernails.
Your flesh is cold resistant. (rC+)
You are immune to negative energy. (rN+++)
You do not regenerate when monsters are visible.
You are immune to unholy pain and torment.


Message History

The jackal is severely wounded.
The jackal barely misses you.
You scratch the jackal.
You kill the jackal!
You feel better.
You barely miss the jackal.
The jackal bites you but does no damage.
You barely miss the jackal. The jackal bites you.
You closely miss the jackal. The jackal misses you.
You scratch the jackal but do no damage.
The jackal bites you.
You closely miss the jackal. The jackal bites you. The jackal misses you.
You closely miss the jackal. The jackal bites you.
You scratch the jackal.
The jackal is moderately wounded.
The jackal bites you.
The jackal bites you but does no damage.
You scratch the jackal.
You kill the jackal!
The adder closely misses you.
You closely miss the adder. The adder bites you.
You scratch the adder but do no damage. The adder closely misses you.
You closely miss the adder. The adder bites you.
You scratch the adder.
The adder is lightly wounded.
The adder misses you. The adder bites you.
You barely miss the adder.
The adder is lightly wounded.
The adder closely misses you.
You scratch the adder.
The adder is severely wounded.
The adder closely misses you.
You barely miss the adder.
The adder is severely wounded.
The adder bites you.
* * * LOW HITPOINT WARNING * * *
You closely miss the adder.
The adder is severely wounded.
The adder bites you.
You die...

#.#.# #.# #.#.## #.#
#....## #.#
.####.....###.#
.>............#######.
####.....###.........
##..<## #.######..
##.## #.# #.# #@#
#.#####S# #..#..hh#
#.>.....## .....Z...#
##.......# #........
#.......## .........#


You could see an adder and 2 jackals.

Vanquished Creatures
  3 ball pythons (D:1)
  A giant cockroach (D:1)
  A goblin (D:1)
  3 hobgoblins (D:1)
  2 jackals (D:2)
  A quokka (D:1)
  A bat (D:1)
  A frilled lizard (D:1)
  3 kobolds (D:1)
  4 rats (D:1)
20 creatures vanquished.

Notes
Turn   | Place    | Note
-------+----------+-------------------------------------------
     0 | D:1      | HallandMoats the Ghoul Monk began the quest for the Orb.
     0 | D:1      | Reached XP level 1. HP: 19/19 MP: 0/0
   573 | D:1      | Reached XP level 2. HP: 22/26 MP: 1/1
  1209 | D:2      | Slain by an adder

Illustrated notes

Levels and vault maps discovered:
D:1:      denvon_arrival_planthouse, layout_basic
D:2:      layout_loops_ring, uniq_crazy_yiuf_cottage, uniq_terence, uniq_sigmund

Action                   || total
-------------------------++-------
Melee: Unarmed           ||    67
 Stab: Sleeping          ||     2
Armor: Robe              ||    13
Dodge: Dodged            ||    42
